 Dungeon Crawl Stone Soup version 0.25.1-2-g60ff931df9 (webtiles) character file.

Game seed: 10534358183752243114

32 Delamore the Covered (level 3, -1/24 HPs)
             Began as a Gargoyle Fighter on Aug 31, 2020.
             Slain by a gnoll
             ... wielding a +0 flail
              (8 damage)
             ... on level 2 of the Dungeon.
             The game lasted 00:01:00 (420 turns).

Delamore the Covered (Gargoyle Fighter)              Turns: 420, Time: 00:01:00

Health: -1/24      AC: 12    Str: 20    XL:     3   Next: 27%
Magic:  3/3        EV:  7    Int:  8    God:
Gold:   22         SH:  9    Dex:  9    Spells: 2/2 levels left

rFire    . . .     SeeInvis .   a - +0 flail
rCold    . . .     Gourm    .   c - +0 kite shield
rNeg     + . .     Faith    .   b - +0 scale mail
rPois    ∞         Spirit   .   h - +1 helmet
rElec    +         Reflect  .   (no cloak)
rCorr    .         Harm     .   (no gloves)
MR       .....     Rnd*Tele +   (no boots)
Stlth    ..........             (no amulet)
HPRegen  0.08/turn              i - ring of teleportation (curse)
MPRegen  0.08/turn              (no ring)

@: no status effects
A: negative energy resistance 1, electricity resistance, unbreathing,
petrification resistance, rot immunity, AC +3
a: no special abilities


You were on level 2 of the Dungeon.
You were not hungry.

You visited 1 branch of the dungeon, and saw 2 of its levels.

You collected 22 gold pieces.

Inventory:

Hand Weapons
 a - a +0 flail (weapon)
Armour
 b - a +0 scale mail (worn)
 c - a +0 kite shield (worn)
 h - a +1 helmet (worn)
Jewellery
 i - a cursed ring of teleportation (left hand)
Scrolls
 e - a scroll of magic mapping {unknown}
 k - a scroll of random uselessness {unknown}
Potions
 d - a potion of might
 j - a potion of brilliance {unknown}
Comestibles
 f - a ration
 g - 3 chunks of flesh


   Skills:
 + Level 3.6 Fighting
 + Level 2.4 Maces & Flails
 + Level 3.7 Armour
 + Level 3.7 Shields


You had 2 spell levels left.
You didn't know any spells.
Your spell library was empty.

Dungeon Overview and Level Annotations

Branches:
Dungeon (1/15)

Altars:
Yredelemnul


Innate Abilities, Weirdness & Mutations

You are resistant to torment.
Your stone body is resilient. (AC +3)
You are immune to poison.
You resist negative energy. (rN+)
You are resistant to electric shocks. (rElec)
You can survive without breathing.
You are immune to petrification.
You are immune to rotting.


Message History

Found a basalt altar of Yredelemnul.
There are monsters nearby!
You hit the gnoll.
You kill the gnoll!
You have reached level 3!
Your experience leads to an increase in your attributes!
Increase (S)trength, (I)ntelligence, or (D)exterity?
You feel stronger. The kobold barely misses you.
You closely miss the kobold. You block the kobold's attack.
You block the gnoll's attack.
Your shield prevents you from hitting the gnoll.
The gnoll is moderately wounded.
The kobold barely misses you. The gnoll hits you but does no damage.
The kobold hits you.
* * * LOW HITPOINT WARNING * * *
You completely miss the gnoll.
The gnoll is moderately wounded.
The gnoll hits you with a +0 flail!
You die...

..# .P.
..## ._.
...# P.
#..#..
##..#.
#.... #..#
### #@##
... #gK#
#.####g##
#....#g.#
#..)#.#
#...#.#
#...#..
#...##.# #
#...##...#


You could see 3 gnolls and a kobold.

Vanquished Creatures
  A gnoll (D:2)
  An ooze (D:1)
  A leopard gecko (D:2)
  3 goblins (D:1)
  2 hobgoblins
  2 kobolds (D:1)
  4 bats (D:1)
  A frilled lizard (D:1)
  3 rats (D:1)
18 creatures vanquished.

Notes
Turn   | Place    | Note
-------+----------+-------------------------------------------
     0 | D:1      | Delamore the Gargoyle Fighter began the quest for the Orb.
     0 | D:1      | Reached XP level 1. HP: 14/14 MP: 1/1
   112 | D:1      | Reached XP level 2. HP: 19/19 MP: 2/2
   395 | D:1      | You fall into a shaft and drop 1 floor!
   416 | D:2      | Found a basalt altar of Yredelemnul.
   417 | D:2      | Reached XP level 3. HP: 9/24 MP: 3/3
   420 | D:2      | Slain by a gnoll

Illustrated notes

Levels and vault maps discovered:
D:1:      psy_arrival_radial02, layout_rooms, serial_forest,
          infiniplex_forest_straight_2, infiniplex_forest_zigzag_2,
          infiniplex_forest_clump_medium, infiniplex_forest_end_1,
          infiniplex_forest_pool, infiniplex_forest_join
D:2:      layout_basic, grunt_temple_overflow_open, yredelemnul_altar_generic

Action                   || total
-------------------------++-------
Melee: Flail             ||    58
Armor: Scale mail        ||    21
Dodge: Dodged            ||    21
Block: Kite shield       ||    36
